Match 44343174
Unlisted

Match 44343174
End
Pioneer Squad
Construct Infanterie Kompanie
MG 42 Machine Gun Team
Selects Terror Battlegroup
Selects Machine Gun Camouflage
MG 42 Machine Gun Team
Grenadier Squad
Construct Luftwaffe Kompanie
Support Elements
Anticafe
BlueSkidrow™
Menty
BlackJackKing
0
0

Comments sign in to comment!

No comments posted yet!